Map: Miner Evacuation

Players

wasp

  • Race: Protoss Protoss

larsgj

  • Race: Terran Terran

VOD

Have the link to the VOD?

Description

Time

  • Played on: Oct. 3, 2018, 12:05 p.m.
  • Length: 32:38
Show
View Real Time Build Order
Export as new Build Order

wasp Protoss 

Build Orders:  

Get SALT Encoding   

  1  0:00  Probe x12 (Chrono Boost)  
    0:12  Unknown x3  
  12  0:33  Pylon  
  12  0:46  Pylon  
  12  1:03  Gateway  
  12  1:21  Forge  
  12  1:37  Assimilator  
  12  1:57  Assimilator  
  12  2:09  Pylon  
  12  2:19  Supplicant x2  
  16  2:40  Photon Cannon  
  16  2:59  Photon Cannon  
  16  3:48  Photon Cannon  
  16  3:54  Photon Cannon  
  16  4:07  Photon Cannon  
  16  4:09  Supplicant x2  
  20  4:33  Cybernetics Core  
  12  7:26  Probe (Chrono Boost)  
  13  7:40  Probe (Chrono Boost)  
  14  7:53  Probe (Chrono Boost)  
  15  8:00  Gateway  
  15  8:07  Probe (Chrono Boost)  
  16  8:13  Death Council  
  16  8:21  Probe (Chrono Boost)  
  16  8:27  Supplicant x2, Pylon  
  21  8:35  Probe (Chrono Boost)  
  22  8:55  Supplicant x2  
  26  9:28  Slayer  
  30  10:10  Slayer  
  30  10:47  Supplicant x2  
  34  11:27  Supplicant x4  
  42  11:54  Supplicant x2  
  46  12:40  Slayer  
  46  14:38  Supplicant x2  
  46  14:39  Slayer  
  26  15:11  Slayer  
  26  15:16  Havoc  
  29  15:53  Supplicant x2, Slayer  
  33  16:21  Supplicant x2  
  37  16:30  Havoc  
  38  16:49  Supplicant x2  
  42  17:07  Supplicant x2  
  41  17:17  Supplicant x2  
  37  17:35  Supplicant x2  
  41  17:45  Supplicant x2  
  45  18:28  Pylon  
  45  18:38  Pylon  
  45  18:47  Pylon  
  44  18:53  Supplicant x4  
  44  18:55  Pylon  
  48  19:08  Pylon  
  34  19:21  Supplicant x4  
  42  19:49  Supplicant x4  
  48  20:17  Supplicant x4  
  48  20:45  Supplicant x4  
  50  21:13  Supplicant x4  
  56  21:52  Supplicant x2  
  56  21:53  Supplicant x2  
  64  22:20  Supplicant x2  
  64  22:21  Supplicant x2  
  64  22:29  Pylon  
  72  22:48  Supplicant x2  
  72  22:49  Supplicant x2  
  80  22:53  Warp Gate  
  80  23:16  Supplicant x4  
  88  23:44  Supplicant x2  
  92  24:29  Supplicant x2  
  94  24:33  Supplicant x2  
  82  24:57  Supplicant x2  
  34  26:03  Supplicant x2  
  34  26:04  Supplicant x2  
  42  26:30  Pylon  
  42  26:42  Supplicant x2  
  42  26:43  Supplicant x2  
  48  27:30  Supplicant x4  
  56  27:49  Gateway  
  56  27:54  Gateway  
  56  28:04  Gateway  
  56  28:09  Gateway  
  56  28:21  Gateway  
  42  29:43  Blood Shields  
  42  29:48  Supplicant x2  
  42  29:49  Supplicant x4  
  50  29:51  Supplicant x2  
  50  30:01  Supplicant x4  
  58  30:13  Supplicant x2  
  62  30:43  Phase Blink  
  48  31:33  Supplicant x2  
  48  31:34  Supplicant x4  
  48  31:36  Supplicant x2  
Show
View Real Time Build Order
Export as new Build Order

larsgj Terran 

Build Orders:  

Get SALT Encoding   

  1  0:00  Orbital Command, SCV x12  
    0:12  Unknown  
  12  0:30  Supply Depot  
  12  0:33  SCV  
  13  0:50  SCV  
  14  1:07  SCV  
  15  1:19  Barracks  
  15  1:24  SCV  
  16  1:36  Refinery  
  16  1:40  SCV  
  16  1:42  Refinery  
  17  1:57  SCV  
  18  2:06  Supply Depot  
  18  2:14  SCV  
  19  2:31  SCV  
  20  2:48  SCV  
  21  2:53  Factory  
  21  3:05  SCV  
  22  3:22  SCV  
  23  3:39  SCV  
  24  3:56  SCV  
  25  4:02  Starport  
  25  4:07  Marine  
  25  4:09  Unknown  
  26  4:13  SCV  
  27  4:29  Barracks Tech Lab  
  28  4:30  SCV  
  29  4:42  Marine  
  29  4:47  SCV, Starport  
  30  4:52  Marine  
  31  5:24  Starport Tech Lab  
  31  5:38  Fusion Core  
  31  5:49  Armory  
  31  5:53  Starport Tech Lab  
  31  6:18  Marine  
  31  6:26  SCV  
  31  6:28  Marine  
  30  6:35  Supply Depot  
  30  6:43  SCV  
  30  7:00  SCV  
  30  7:02  Medic  
  30  7:06  Supply Depot  
  33  7:10  Battlecruiser  
  39  7:33  Medic  
  39  7:37  Supply Depot  
  41  7:40  Supply Depot  
  41  7:53  Battlecruiser  
  47  8:09  Supply Depot  
  47  8:12  Supply Depot  
  47  8:44  Supply Depot  
  44  9:15  Battlecruiser  
  44  9:16  Supply Depot  
  48  9:30  Marine  
  49  9:40  Marine  
  50  9:50  Marine  
  49  10:00  Marine  
  49  10:02  Battlecruiser  
  56  10:10  Marine  
  57  10:24  Orbital Command  
  57  10:33  Command Center  
  57  11:52  Refinery x2  
  57  12:02  Battlecruiser  
  57  12:03  Battlecruiser  
  69  12:56  Weapon Refit  
  69  13:27  SCV  
  70  13:42  Battlecruiser  
  70  13:44  SCV  
  70  13:48  SCV  
  78  14:01  SCV  
  78  14:05  SCV  
  80  14:18  SCV  
  81  14:21  SCV  
  82  14:35  SCV  
  82  14:38  SCV  
  84  14:54  Battlecruiser  
  84  14:55  SCV  
  84  14:56  Battlecruiser  
  97  15:14  Orbital Command  
  97  15:23  Terran Vehicle and Ship Weapons Level 1  
  97  16:11  Marine  
  97  16:19  Battlecruiser  
  98  16:21  Medic  
  106  16:31  Marine  
  106  16:37  Supply Depot  
  107  16:41  Medic  
  107  16:47  Supply Depot  
  109  16:51  Marine  
  110  17:09  Supply Depot  
  110  17:20  Supply Depot  
  110  17:40  Battlecruiser x2  
  110  17:42  Supply Depot  
  122  17:58  Supply Depot  
  122  18:07  Marine  
  122  18:13  Supply Depot  
  122  18:17  Medic  
  123  18:22  Battlecruiser  
  123  18:27  Marine  
  131  18:30  Supply Depot  
  131  18:38  Medic  
  132  18:44  Supply Depot  
  132  18:48  Medic  
  134  19:02  Supply Depot  
  134  19:33  Supply Depot  
  134  19:55  Marine  
  135  20:05  Medic, Supply Depot  
  137  20:15  Marine  
  138  20:25  Medic  
  138  20:26  Stabilizer Medpacks  
  140  20:30  Terran Vehicle and Ship Weapons Level 2  
  140  20:36  Marine  
  141  21:18  Battlecruiser x2  
  153  21:48  Medic  
  153  21:58  Marine  
  155  22:01  Battlecruiser x2  
  155  22:08  Marine  
  168  22:19  Marine  
  169  22:26  Refinery  
  169  22:29  Marine  
  171  22:44  Battlecruiser  
  177  23:07  Battlecruiser  
  183  23:40  Terran Vehicle And Ship Armor Level 1  
  183  23:55  Engineering Bay  
  177  25:01  Missile Turret  
  177  25:30  Missile Turret  
  177  25:58  Missile Turret  
  177  26:20  Terran Vehicle and Ship Weapons Level 3  
  177  26:27  Missile Turret  
  177  26:54  Battlecruiser  
  177  26:55  Battlecruiser  
  177  26:56  Missile Turret  
  189  27:06  Marine  
  190  27:16  Medic  
  192  27:24  Missile Turret  
  192  27:26  Marine  
  193  27:36  Medic  
  195  27:46  Battlecruiser  
  195  27:47  Marine  
  198  27:53  Missile Turret  
  195  28:19  Command Center  
  195  28:22  Missile Turret  
  195  29:16  Supply Depot  
  193  29:24  Supply Depot  
  193  29:49  Supply Depot  
  193  29:56  Marine  
  193  29:57  Supply Depot  
  194  30:07  Marine  
  195  30:17  Marine  
  195  30:21  Supply Depot  
  195  30:27  Marine  
  196  30:37  Marine  
Tags
 
Commander
AlarakRaynor
Matchup
Co-op
Replay Pack
Multiplayer
Add a new tag
Caveats
  • Supply blocks, unpowered buildings, or Contaminate may cause inaccurate times.
  • Supply counts are checked every 10 seconds.